 Dungeon Crawl Stone Soup version 0.30.1-11-g7821555f0a (webtiles) character file.

Game seed: 10835707760358023961

67 jagang the Slasher (level 4, 0/54 HPs)
             Began as a Human Monk on Jan 10, 2024.
             Slain by a gnoll
             ... wielding a +0 spear
              (6 damage)
             ... on level 3 of the Dungeon.
             The game lasted 00:02:28 (1635 turns).

jagang the Slasher (Human Monk)                     Turns: 1635, Time: 00:02:30

Health: 0/54       AC:  9    Str: 11    XL:     4   Next: 38%
Magic:  4/4        EV:  7    Int: 10    God:
Gold:   163        SH:  0    Dex: 24    Spells: 3/3 levels left

rFire   . . .        a - +0 falchion
rCold   . . .        d - orb {light}
rNeg    . . .        b - +0 chain mail
rPois   +            (no helmet)
rElec   .            o - +0 cloak
rCorr   .            (no gloves)
SInv    .            (no boots)
Will    .....        (no amulet) Stlth
                     f - +6 ring of dexterity
HPRegen 0.29/turn    g - ring of poison resistance
MPRegen 0.09/turn

%: no passive effects
@: berserking, glowing, very quick
A: no striking features
a: no special abilities


You were on level 3 of the Dungeon.
You visited 1 branch of the dungeon, and saw 3 of its levels.

You collected 163 gold pieces.

Inventory:

Hand Weapons
 a - a +0 falchion (weapon)
Missiles
 i - 4 atropa-tipped darts (quivered)
Armour
 b - a +0 chain mail (worn)
 d - an orb of light (worn)
 o - a +0 cloak (worn)
Jewellery
 f - a +6 ring of dexterity (left hand)
 g - a ring of poison resistance (right hand)
 p - a ring of willpower
Scrolls
 e - a scroll of teleportation {unknown}
 h - a scroll of vulnerability {unknown}
 j - a scroll of enchant armour {unknown}
 k - a scroll of poison {unknown}
 m - 2 scrolls of amnesia {unknown}
 n - 4 scrolls of identify {unknown}
 q - a scroll of immolation {unknown}
 r - a scroll of fear {unknown}
Potions
 c - a potion of ambrosia
 s - a potion of haste {unknown}


   Skills:
 * Level 3.6 Fighting
 * Level 3.7 Long Blades
 + Level 0.3 Throwing
 * Level 1.9 Armour
 - Level 3.0 Dodging


You had 3 spell levels left.
You didn't know any spells.
Your spell library contained the following spells:

 Spells                   Type           Power      Damage    Failure   Level
 Summon Small Mammal      Summ           0%         N/A       100%        1
 Call Canine Familiar     Summ           0%         N/A       100%        3
 Gell's Gravitas          Tloc           0%         N/A       100%        3
 Summon Guardian Golem    Hex/Summ       0%         N/A       100%        3
 Teleport Other           Tloc           0%         N/A       100%        3
 Dispersal                Tloc           0%         N/A       100%        6


Dungeon Overview and Level Annotations

Branches:
Dungeon (3/15)

Altars:


Message History

The endoplasm hits you. The quokka closely misses you.
You completely miss the gnoll.
The gnoll is almost dead.
The quokka closely misses you. The gnoll hits you but does no damage.
The gnoll barely misses you. The gnoll hits you but does no damage.
The endoplasm hits you but does no damage.
The quokka bites you but does no damage.
You slash the gnoll!
You kill the gnoll!
The endoplasm freezes you.
You are frozen.
The gnoll hits you but does no damage. The gnoll hits you with a +0 whip.
The quokka bites you but does no damage.
An adder comes into view.
The gnoll hits you but does no damage.
The gnoll hits you from afar with a +0 spear.
The endoplasm freezes you.
You are frozen.
The rat completely misses you. The rat attacks as you move away!
The rat bites you. The gnoll attacks as you move away!
The gnoll hits you but does no damage.
You see here 11 gold pieces.
The adder hisses angrily.
You hit the gnoll but do no damage.
The quokka bites you but does no damage.
The gnoll hits you with a +0 whip!
* * * LOW HITPOINT WARNING * * *
You hit the gnoll.
The gnoll is moderately wounded.
The quokka bites you but does no damage.
The gnoll closely misses you. The gnoll hits you with a +0 whip.
* * * LOW HITPOINT WARNING * * *
The quokka bites you.
* * * LOW HITPOINT WARNING * * *
It was a potion of berserk rage.
A red film seems to cover your vision as you go berserk!
You feel yourself moving faster!
You feel mighty! The quokka barely misses you.
The endoplasm hits you but does no damage.
The gnoll closely misses you.
The gnoll hits you from afar with a +0 spear.
You die...

######## ##.....#.
##........ #...>.....
#..>...... #.........
#.........
.###############.........
......)#@................
...[.SggrJ...............
..........†......#.......
..$..............##..##<.
...............###..####.
.>.................## #.
...............##### #.
...............# #.
...>...........# #.


You could see 2 gnolls, an adder, an endoplasm and a quokka.

Vanquished Creatures
  A gnoll (D:3)
  A worm (D:2)
  4 orcs (D:3)
  4 endoplasms
  A giant cockroach (D:3)
  7 goblins
  5 hobgoblins
  7 kobolds
  A quokka (D:1)
  5 ball pythons (D:2)
  3 bats
  2 frilled lizards
  4 rats
45 creatures vanquished.

Notes
Turn   | Place    | Note
-------+----------+-------------------------------------------
     0 | D:1      | jagang the Human Monk began the quest for the Orb.
     0 | D:1      | Reached XP level 1. HP: 18/18 MP: 1/1
    75 | D:1      | Reached XP level 2. HP: 22/24 MP: 2/2
   338 | D:1      | Reached skill level 1 in Armour
   642 | D:1      | Reached XP level 3. HP: 29/29 MP: 3/3
  1577 | D:3      | Reached XP level 4. HP: 35/35 MP: 4/4
  1635 | D:3      | Slain by a gnoll

Illustrated notes

Levels and vault maps discovered:
D:1:      reono_arrival_mine, layout_loops_corners
D:2:      layout_rooms, minmay_pentomino_p2
D:3:      layout_rooms

Skill      XL: |  1  2 |
---------------+-------+-----
Armour         | 1 |  1.9
Fighting       | |  3.6
Long Blades    | |  3.7
Throwing       | |  0.3
Dodging        | |  3.0

Action                     |  1- 3 |  4- 6 || total
---------------------------+-------+-------++-------
  Melee: Falchion          |    82 |    15 ||    97
    Use: Potion            |       |     1 ||     1
 Armour: Robe              |     2 |       ||     2
         Leather armour    |     4 |       ||     4
         Chain mail        |    22 |    26 ||    48
  Dodge: Dodged            |    41 |    11 ||    52
